 Dungeon Crawl Stone Soup version 0.17-a0-1510-gb3fb22e (webtiles) character file.

120264 Fluffy the Champion of Chaos (level 16, 129/129 HPs)
             Began as a Demonspawn Gladiator on July 11, 2015.
             Was the Champion of Makhleb.
             Drowned
             ... in an ice cave.
             The game lasted 01:43:01 (23582 turns).

Fluffy the Champion of Chaos (DsGl)                Turns: 23582, Time: 01:43:01

Health: 129/129    AC: 18    Str: 16    XL:     16   Next: 29%
Magic:  27/27      EV: 16    Int: 12    God:    Makhleb [******]
Gold:   2185       SH:  0    Dex: 24    Spells: 0 memorised, 15 levels left

rFire  . . .     SeeInvis .     T - +0 great sword of Gasuipp {flame, +Blink rN+}
rCold  . . .     Clarity  +     W - +3 chain mail of the Lair of Beasts {rPois Str+3 Dex+2}
rNeg   + + .     SustAt   +     (no shield)
rPois  +         Gourm    .     (helmet unavailable)
rElec  +         Spirit   .     X - +1 cloak {MR+}
rCorr  .         Warding  .     F - +0 pair of gloves "Fuwnyol" {Int+2}
rMut   .         Stasis   .     a - +0 pair of boots of the Ward {+Blink rElec rN+ Str-5}
MR     ++...                    c - amulet of clarity
Stlth  ..........               S - +4 ring of dexterity
                                k - ring of sustain attributes

@: very resistant to hostile enchantments, extremely unstealthy
A: horns 3, yellow scales 1, deformed body, mutation resistance 1, powered by
death 3, spiny 1
a: Minor Destruction, Lesser Servant of Makhleb, Major Destruction, Greater
Servant of Makhleb, Renounce Religion, Evoke Blink


You were in an ice cave.
You worshipped Makhleb.
Makhleb was exalted by your worship.
You were not hungry.

You visited 3 branches of the dungeon, and saw 23 of its levels.
You also visited: Labyrinth, Ice Cave and Volcano.

You collected 2880 gold pieces.
You spent 695 gold pieces at shops.

Inventory:

Hand weapons
 T - the +0 great sword of Gasuipp (weapon) {flame, +Blink rN+}
   (You bought it in a shop on level 11 of the Dungeon)

   It has been specially enchanted to burn those struck by it, causing extra
   injury to most foes and up to half again as much damage against particularly
   susceptible opponents.
   Big, fiery blades are also staple armaments of hydra-hunters.
   It protects you from negative energy.
   It lets you blink.
Missiles
 d - 4 throwing nets
 K - 15 tomahawks (quivered)
 M - 6 javelins
Armour
 a - the +0 pair of boots of the Ward (worn) {+Blink rElec rN+ Str-5}
   (You found it on level 8 of the Lair of Beasts)

   It affects your strength (-5).
   It insulates you from electricity.
   It protects you from negative energy.
   It lets you blink.
 F - the +0 pair of gloves "Fuwnyol" (worn) {Int+2}
   (You bought it in a shop on level 6 of the Dungeon)

   It affects your intelligence (+2).
 W - the +3 chain mail of the Lair of Beasts (worn) {rPois Str+3 Dex+2}
   (You found it in a labyrinth)

   It affects your strength (+3).
   It affects your dexterity (+2).
   It protects you from poison.
 X - a +1 cloak of magic resistance (worn)
Jewellery
 c - an amulet of clarity (around neck)
 k - a ring of sustain attributes (left hand)
 u - an uncursed amulet of resist mutation
 y - an uncursed ring of fire
 S - a +4 ring of dexterity (right hand)
Magical devices
 p - a wand of fire (3)
 r - a wand of polymorph (13)
 s - a wand of fireball (6)
 B - a wand of cold (7)
 C - a wand of enslavement (13)
 D - a wand of paralysis (9)
 G - a wand of fire (6)
 I - a wand of random effects (26)
 N - a wand of teleportation (3)
 O - a wand of confusion (19)
 P - a wand of frost (30)
 Q - a wand of slowing (11)
 Y - a wand of confusion (31)
Scrolls
 g - 9 scrolls of teleportation
 i - 5 scrolls of remove curse
 t - 2 scrolls of fear
 v - 3 scrolls of recharging
 H - a scroll of brand weapon
 L - 2 scrolls of enchant armour
 R - 2 scrolls of enchant weapon
 Z - a scroll of identify
Potions
 b - 4 potions of haste
 h - 3 potions of agility
 j - a potion of berserk rage
 l - 12 potions of curing
 q - 7 potions of mutation
 x - 9 potions of might
 z - a potion of cancellation
 A - 2 potions of flight
 E - 4 potions of heal wounds
 J - a potion of resistance
Books
 V - a book of the Sky

   Spells                             Type                      Level
   a - Summon Lightning Spire         Summoning/Air                4
   b - Airstrike                      Air                          4
   c - Silence                        Hexes/Air                    5
   d - Deflect Missiles               Charms/Air                   6
   e - Conjure Ball Lightning         Conjuration/Air              6
   f - Tornado                        Air                          9
Comestibles
 e - 14 bread rations
 f - 59 fruits
 m - a royal jelly
 n - 4 beef jerkies
 o - 12 meat rations
 w - 12 slices of pizza


   Skills:
 + Level 12.7 Fighting
 + Level 13.0 Long Blades
 - Level 1.7 Throwing
 + Level 11.5 Armour
 + Level 12.2 Dodging
 + Level 15.0 Invocations


You had 15 spell levels left.
You didn't know any spells.

Dungeon Overview and Level Annotations

Branches:
Dungeon (11/15)            Temple (0/1) D:7            Lair (8/8) D:10
  Swamp (0/4) Lair:5        Snake (0/4) Lair:6        Slime (0/6) Lair:7
    Orc (4/4) D:10            Elf (0/3) Orc:3

Altars:
Ashenzari
Cheibriados
Fedhas
Gozag
Makhleb
Nemelex Xobeh
Ru
Sif Muna
Trog
Vehumet
Xom
Yredelemnul
The Shining One
Beogh
Jiyva

Shops:
D:6 [   D:9 :   D:11 (   Orc:1 [!   Orc:3 (   Orc:4 :((!*

Annotations:
IceCv exclusion: ice statue


Innate Abilities, Weirdness & Mutations

You have a pair of large horns on your head.
You are partially covered in yellow scales (AC +2).
You regenerate a lot of health from kills.
You are partially covered in sharp spines.
Armour fits poorly on your strangely shaped body.
You are somewhat resistant to further mutation.


Message History

As you read the scroll of identify, it crumbles to dust.
U - a potion of beneficial mutation Drink which item? (? for menu, Esc to quit)
You feel genetically stable.
You feel fantastic!
You see here 3 chunks of flesh.
U - 3 chunks of flesh You see here a polar bear corpse.
Partly explored, can't reach some places.
Drink which item? (? for menu, Esc to quit)
You feel very buoyant.
You fly up into the air.
Careful!
You are starting to lose your buoyancy.
Drink which item? (? for menu, Esc to quit)
You feel more buoyant.
All of the chunks of flesh in your inventory have rotted away.
Careful!
You are starting to lose your buoyancy.
You float gracefully downwards.
You fall into the water!
You sink like a stone!
You drown...
You die...

##...#### #.. #.#.##
##. ##..## #. ##..##
### ## #..## ##≈#
##≈≈## #≈≈#
#≈≈≈##########≈≈###
#≈≈≈≈≈≈≈≈≈≈≈≈≈≈≈≈≈##
##≈≈≈≈≈@≈≈≈≈≈≈≈≈≈≈≈##
#≈≈≈#############≈≈≈###
###.# #≈≈≈≈≈## ##.
###≈≈≈≈# . ##≈≈≈≈ .
####≈ ##


There were no monsters in sight!

Vanquished Creatures
  Snorg (Orc:2)
  The ghost of badblocks the Cleaver, a powerful FoBe of Trog (Orc:1)
  A minotaur (Lab)
  2 ogre magi (Orc:4)
  8 hydras
  14 death yaks
  A queen ant (Lair:5)
  The ghost of stickyfingers the Spear-Bearer, an experienced DrAs of Fedhas (D:10)
  Urug (Orc:2)
  An unseen horror (D:10)
  2 deep trolls (Orc:4)
  6 hill giants
  2 orc knights
  An ugly thing (D:11)
  3 cyclopes
  2 orc sorcerers
  3 griffons
  9 elephants
  Maurice (D:10)
  A torpor snail (Lair:7)
  7 black mambas
  9 spiny frogs
  7 komodo dragons
  2 spriggan druids (Lair:8)
  2 fire drakes
  8 two-headed ogres
  22 blink frogs
  A minotaur zombie (Lab)
  14 polar bears
  9 trolls
  Grinder (D:4)
  2 wandering mushrooms (Lab)
  2 boulder beetles
  10 spriggans (Lair:8)
  Sigmund (D:2)
  A shadow (D:11)
  2 trapdoor spiders
  3 redbacks
  52 yaks
  2 wyverns
  4 basilisks
  2 hungry ghosts
  3 wargs
  7 hippogriffs
  40 wolves
  Menkaure (D:4)
  A steam dragon (D:11)
  6 swamp worms (Lair:5)
  6 soldier ants
  Duvessa (D:7)
  14 water moccasins
  2 nagas (Lair:6)
  19 porcupines
  2 phantoms
  6 necrophages (D:7)
  23 orc warriors
  2 sky beasts
  4 wasps
  An eye of draining (D:10)
  11 ice beasts
  12 black bears
  12 centaurs
  25 ogres
  17 crocodiles
  6 big kobolds
  A gnoll sergeant (D:5)
  14 giant frogs
  Dowan (D:7)
  3 wyvern skeletons
  7 scorpions
  2 water moccasin skeletons (D:8)
  6 wights
  3 giant frog zombies (D:7)
  3 electric eels
  5 crimson imps
  7 hounds
  A quasit (D:11)
  4 jellies
  6 two-headed ogre zombies
  A centaur skeleton (D:9)
  9 hell rats
  19 orc wizards
  6 iguanas
  Natasha (thrice) (D:2)
  21 orc priests
  26 worker ants
  14 sheep
  A hound skeleton (D:7)
  2 hound zombies (D:7)
  A mummy (D:7)
  Robin (D:4)
  3 gnolls (D:5)
  40 river rats
  15 adders
  3 shadow imps
  6 oozes
  An adder zombie (D:9)
  2 adder skeletons
  2 worms
  173 orcs
  A ball python (D:4)
  2 bat skeletons
  A bat zombie (D:7)
  7 giant cockroaches
  31 goblins
  27 hobgoblins
  A jackal (D:2)
  2 quokkas
  7 bats
  4 giant geckos
  A giant gecko skeleton (D:4)
  A giant gecko zombie (D:7)
  2 giant newts
  31 kobolds
  A quokka skeleton (D:6)
  25 rats
  2 butterflies
  2 fungi (Lair:8)
1005 creatures vanquished.

Vanquished Creatures (collateral kills)
  An orc (Orc:1)
1 creature vanquished.

Vanquished Creatures (others)
  14 fungi
  8 plants
22 creatures vanquished.

Grand Total: 1028 creatures vanquished

Notes
Turn   | Place    | Note
--------------------------------------------------------------
     0 | D:1      | Fluffy the Demonspawn Gladiator began the quest for the Orb.
     0 | D:1      | Reached XP level 1. HP: 16/16 MP: 1/1
   198 | D:1      | Gained mutation: You have a pair of small horns on your head. [demonic ancestry]
   198 | D:1      | Reached XP level 2. HP: 20/22 MP: 2/2
   211 | D:1      | Reached skill level 1 in Armour
   328 | D:1      | Reached skill level 3 in Dodging
   849 | D:2      | Found a shattered altar of Ashenzari.
   898 | D:2      | Gained mutation: You have a pair of horns on your head. [demonic ancestry]
   898 | D:2      | Reached XP level 3. HP: 25/27 MP: 3/3
  1034 | D:2      | Noticed Sigmund
  1374 | D:2      | Killed Sigmund
  1374 | D:2      | Reached XP level 4. HP: 7/35 MP: 4/4
  1374 | D:2      | Reached XP level 5. HP: 8/41 MP: 5/5
  1668 | D:2      | Noticed Natasha
  1674 | D:2      | Killed Natasha
  1723 | D:2      | Noticed Natasha
  1729 | D:2      | Killed Natasha
  2099 | D:2      | Noticed Natasha
  2104 | D:2      | Killed Natasha
  2215 | D:3      | Reached skill level 4 in Dodging
  2226 | D:3      | Gained mutation: You are partially covered in sharp spines. [demonic ancestry]
  2226 | D:3      | Reached XP level 6. HP: 45/47 MP: 6/6
  2662 | D:3      | Noticed a phantom
  2689 | D:3      | Killed a phantom
  2988 | D:3      | Found a burning altar of Makhleb.
  2995 | D:3      | Became a worshipper of Makhleb the Destroyer
  3062 | D:4      | Reached skill level 1 in Invocations
  3062 | D:4      | Gained mutation: You regenerate a little health from kills. [demonic ancestry]
  3062 | D:4      | Reached XP level 7. HP: 53/53 MP: 7/7
  3121 | D:4      | Noticed Robin
  3127 | D:4      | Acquired Makhleb's first power
  3128 | D:4      | Killed Robin
  3283 | D:4      | Found a blossoming altar of Fedhas.
  3342 | D:4      | Noticed Menkaure
  3344 | D:4      | Noticed Grinder
  3348 | D:4      | Killed Menkaure
  3364 | D:4      | HP: 1/55 [Grinder (6)]
  3370 | D:4      | Killed Grinder
  3370 | D:4      | Reached skill level 5 in Dodging
  3370 | D:4      | Reached XP level 8. HP: 18/61 MP: 10/10
  3678 | D:4      | Acquired Makhleb's second power
  4132 | D:5      | Entered Level 5 of the Dungeon
  4153 | D:5      | HP: 2/61 [gnoll sergeant/spear of freezing (4)]
  4155 | D:5      | Reached skill level 5 in Fighting
  4416 | D:5      | Reached skill level 5 in Long Blades
  5435 | D:6      | Found Zuzalocw's Antique Armour Shop.
  5537 | D:6      | Reached skill level 5 in Invocations
  5543 | D:6      | Found a basalt altar of Yredelemnul.
  5550 | D:6      | Found a deep blue altar of Sif Muna.
  5552 | D:6      | Found a glowing golden altar of the Shining One.
  5552 | D:6      | Found a shimmering altar of Xom.
  5554 | D:6      | Found a radiant altar of Vehumet.
  5555 | D:6      | Found a sacrificial altar of Ru.
  5692 | D:6      | Found a snail-covered altar of Cheibriados.
  5764 | D:6      | Reached XP level 9. HP: 67/69 MP: 11/13
  5802 | D:6      | Bought a pair of brightly glowing gloves for 304 gold pieces
  5813 | D:6      | Identified the +0 pair of gloves "Fuwnyol" {Int+2} (You bought it in a shop on level 6 of the Dungeon)
  5835 | D:7      | Found an opulent altar of Gozag.
  5895 | D:7      | Acquired Makhleb's third power
  5927 | D:7      | Reached skill level 5 in Armour
  6083 | D:7      | Reached skill level 6 in Dodging
  6108 | D:7      | Found a staircase to the Ecumenical Temple.
  6290 | D:7      | Got a spiked plate armour
  6306 | D:7      | Identified the +1 plate armour of the Wheelwright {*Contam +Blink +Fly rF+} (You found it on level 7 of the Dungeon)
  6310 | D:7      | Noticed Duvessa
  6310 | D:7      | Noticed Dowan
  6322 | D:7      | Killed Duvessa
  6330 | D:7      | Killed Dowan
  6488 | D:7      | Acquired Makhleb's fourth power
  6579 | D:7      | Reached skill level 7 in Invocations
  6587 | D:7      | Gained mutation: You regenerate health from kills. [demonic ancestry]
  6587 | D:7      | Reached XP level 10. HP: 75/75 MP: 15/15
  6742 | D:7      | Found a bloodstained altar of Trog.
  6950 | D:7      | Found a sparkling altar of Nemelex Xobeh.
  7737 | D:8      | Reached skill level 8 in Invocations
  7890 | D:9      | Acquired Makhleb's fifth power
  8109 | D:9      | Found Gigrynin's Book Shoppe.
  8196 | D:9      | Found a bloodstained altar of Trog.
  8401 | D:9      | Noticed a hill giant
  8413 | D:9      | Killed a hill giant
  8440 | D:10     | Entered Level 10 of the Dungeon
  8440 | D:10     | Found a staircase to the Orcish Mines.
  8507 | D:10     | Killed an unseen horror
  8507 | D:10     | Gained mutation: You are partially covered in yellow scales (AC +2). [demonic ancestry]
  8507 | D:10     | Reached XP level 11. HP: 77/84 MP: 14/17
  8522 | D:10     | Noticed a hill giant
  8532 | D:10     | Killed a hill giant
  8532 | D:10     | Reached skill level 9 in Invocations
  8592 | D:10     | Found a staircase to the Lair.
  8990 | D:10     | Noticed stickyfingers's ghost (experienced DrAs)
  9021 | D:10     | Killed stickyfingers's ghost
  9190 | Orc:1    | Entered Level 1 of the Orcish Mines
  9193 | Orc:1    | Noticed badblocks's ghost (powerful FoBe)
  9882 | D:10     | HP: 4/85 [poisoned by badblocks's ghost]
 10304 | D:11     | Noticed a hill giant
 10312 | D:11     | Killed a hill giant
 10556 | D:11     | Found Qasoungu's Antique Weapon Shop.
 10560 | D:11     | Noticed a hill giant
 10566 | D:11     | Killed a hill giant
 10566 | D:11     | Reached skill level 10 in Invocations
 10745 | D:11     | Noticed a two-headed hydra
 10761 | D:11     | Killed a one-headed hydra
 10780 | D:11     | Got a faintly glowing halberd
 10781 | D:11     | Identified the +9 halberd of the Sky {drain, Str+2 Dex+2} (You found it on level 11 of the Dungeon)
 10896 | D:11     | Found a roughly hewn altar of Beogh.
 11087 | D:11     | Gained mutation: You regenerate a lot of health from kills. [demonic ancestry]
 11087 | D:11     | Reached XP level 12. HP: 86/95 MP: 15/19
 11100 | D:11     | Bought a crude great sword for 391 gold pieces
 11101 | D:11     | Identified the cursed +0 great sword of Gasuipp {flame, +Blink rN+} (You bought it in a shop on level 11 of the Dungeon)
 11135 | Lair:1   | Entered Level 1 of the Lair of Beasts
 11161 | Lair:1   | Found a labyrinth entrance.
 11185 | Lab      | Entered a labyrinth
 11667 | Lab      | Noticed a minotaur
 11674 | Lab      | Killed a minotaur
 11678 | Lab      | Got an ichor-stained chain mail
 11678 | Lab      | Got a slimy ring mail
 12000 | Lair:1   | Reached skill level 11 in Invocations
 12338 | Lair:2   | Reached skill level 10 in Fighting
 12404 | Lair:2   | Noticed a five-headed hydra
 12410 | Lair:2   | Killed a three-headed hydra
 12605 | Lair:2   | You fall through a shaft!
 12753 | Lair:2   | Found a dark tunnel.
 12761 | Volcano  | Entered a volcano
 12782 | Volcano  | Found a burning altar of Makhleb.
 13217 | Lair:3   | Noticed a seven-headed hydra
 13230 | Lair:3   | Killed a three-headed hydra
 13230 | Lair:3   | Gained mutation: You have a pair of large horns on your head. [demonic ancestry]
 13230 | Lair:3   | Reached XP level 13. HP: 98/104 MP: 21/21
 13351 | Lair:3   | Reached skill level 12 in Invocations
 13408 | Lair:3   | Reached skill level 10 in Dodging
 13856 | Lair:4   | Reached skill level 10 in Long Blades
 14865 | Lair:5   | Found a hole to the Spider Nest.
 14922 | Lair:5   | Reached skill level 13 in Invocations
 14925 | Lair:5   | Reached skill level 10 in Armour
 14952 | Lair:5   | Found a staircase to the Swamp.
 15420 | Lair:5   | Reached XP level 14. HP: 113/113 MP: 23/23
 16417 | Lair:6   | Got a slimy ring mail
 16432 | Lair:6   | Found a staircase to the Snake Pit.
 16449 | Lair:6   | Identified Kosh's Almanac of Malediction (You found it on level 6 of the Lair of Beasts)
 16774 | Lair:7   | Reached XP level 15. HP: 120/120 MP: 25/25
 17197 | Lair:7   | Found a runed door.
 17197 | Lair:7   | Found a viscous altar of Jiyva.
 17212 | Lair:7   | Found a staircase to the Slime Pits.
 18114 | Lair:8   | Entered Level 8 of the Lair of Beasts
 18169 | Lair:8   | Reached skill level 14 in Invocations
 18203 | Lair:8   | Got a pair of smoking boots
 18214 | Lair:8   | Identified the +0 pair of boots of the Ward {+Blink rElec rN+ Str-5} (You found it on level 8 of the Lair of Beasts)
 18277 | Lair:8   | Identified the +3 chain mail of the Lair of Beasts {rPois Str+3 Dex+2} (You found it in a labyrinth)
 18287 | Lair:8   | Identified the +3 ring mail "Alassannidd" {rN+} (You found it on level 6 of the Lair of Beasts)
 18297 | Lair:8   | Identified the +2 ring mail "Tumnil" {rN+} (You found it in a labyrinth)
 18316 | Lair:8   | Gained mutation: Armour fits poorly on your strangely shaped body. [mutagenic glow]
 19594 | D:10     | HP: 5/118 [poisoned by badblocks's ghost]
 19599 | D:10     | HP: 4/118 [poisoned by badblocks's ghost]
 19604 | D:10     | HP: 3/118 [poisoned by badblocks's ghost]
 19611 | D:10     | HP: 3/118 [poisoned by badblocks's ghost]
 19619 | D:10     | HP: 3/118 [poisoned by badblocks's ghost]
 20072 | Orc:1    | Found Pitalepp's Distillery.
 20138 | Orc:1    | Noticed Maurice
 20399 | D:10     | Killed Maurice
 20964 | Orc:1    | Killed badblocks's ghost
 21316 | Orc:2    | Noticed Snorg
 21324 | Orc:2    | Killed Snorg
 21346 | Orc:2    | Noticed Urug
 21368 | Orc:2    | Killed Urug
 21888 | Orc:1    | Found Etou's Armour Shoppe.
 22026 | Orc:3    | Found a staircase to the Elven Halls.
 22068 | Orc:3    | Found Jifrurch's Antique Weapon Emporium.
 22519 | Orc:3    | Reached XP level 16. HP: 129/129 MP: 26/26
 22856 | Orc:4    | Entered Level 4 of the Orcish Mines
 23162 | Orc:4    | Found a roughly hewn altar of Beogh.
 23164 | Orc:4    | Found Xocitege's Distillery.
 23166 | Orc:4    | Found Etrix's Antique Weapon Emporium.
 23185 | Orc:4    | Found Fogruso's Weapon Shop.
 23190 | Orc:4    | Found Mayjin's Merry Market.
 23234 | Orc:4    | Found Dessusm's Book Shoppe.
 23262 | Orc:4    | Found a frozen archway.
 23293 | IceCv    | Entered an ice cave
 23424 | IceCv    | Reached skill level 15 in Invocations
 23463 | IceCv    | Gained mutation: You are somewhat resistant to further mutation. [potion of beneficial mutation]
 23582 | IceCv    | Drowned

Vault maps used:
D:1:      dpeg_arrival_arbitrary_b
D:2:      ashenzari_altar_1, uniq_natasha, uniq_sigmund
D:3:      corexii_shack_village, makhleb_blood_cavern_becter,
          minmay_misc_feat_tower
D:4:      fedhas_altar_3, first_bread, grunt_ministairs_4, uniq_menkaure,
          uniq_robin, uniq_grinder
D:5:      minmay_misc_feat_nine_boxes
D:6:      grunt_temple_overflow_open, serial_shops, shop, chei_slow_surprise
D:7:      overflow_temple_1_default, kennysheep_little_box,
          minmay_temple_entry_junction, basic_altar, serial_undead,
          serial_undead_f, serial_undead_e, serial_undead_c, serial_undead_b,
          serial_undead_e, serial_undead_e, serial_undead_e, serial_undead_f,
          serial_undead_d, serial_undead_f, uniq_duvessa
D:8:      minmay_misc_feat_five
D:9:      serial_shops, shop, trog_hazing_becter
D:10:     dpeg_lair_monsters
D:11:     special_room, serial_shops, shop, hangedman_ranch, roderic_lattice_a
Lair:1:   lab_entry_generic, cheibrodos_lair_reptile_den
Lair:2:   kennysheep_abandoned_house, nicolae_volcano_entry_hallway,
          grunt_forest_large_clearings, lemuel_fruit_fields
Lair:3:   serial_bayou_ford_a, serial_bayou_shore_a, grunt_megastairs_3,
          lemuel_fruit_tree
Lair:4:   beast_lair_carwin_10
Lair:5:   nicolae_swamp_entry_splash_gauntlet, spider_nest_entry_rubble,
          zaba_antful_of_joy
Lair:6:   minmay_snake_entry_guardpost_small, lemuel_fruit_fields
Lair:7:   slime_altar_2
Lair:8:   minmay_lair_end_enchanted_forest, minivault_27,
          infiniplex_staircase_pool
Orc:1:    serial_shops, nicolae_shop_temple_entry_statues_fountains, shop,
          uniq_maurice
Orc:2:    uniq_snorg, uniq_urug
Orc:3:    lemuel_ogre_cave, serial_shops, nicolae_shop_statue_plus,
          nicolae_orc_pool_cavern
Orc:4:    st_orc_open, portal_ice_cave_entry_ice_beasts, basic_altar,
          nicolae_alphabet_shops
Lab:      labyrinth_hidden_loot, nicolae_lab_starburst, nicolae_lab_x,
          nicolae_lab_do_over
IceCv:    ice_cave_small_giant
Volcano:  kennysheep_volcano_temple

Action                   |  1- 3 |  4- 6 |  7- 9 | 10-12 | 13-15 | 16-18 || total
-------------------------+-------+-------+-------+-------+-------+-------++-------
Melee: Long sword        |    68 |    96 |   201 |       |       |       ||   365
       Scimitar          |       |       |    90 |   475 |       |       ||   565
       Hand axe          |       |       |       |     2 |       |       ||     2
       Great sword       |       |       |       |   235 |  1125 |   291 ||  1651
Throw: Throwing net      |     1 |       |       |       |       |       ||     1
       Tomahawk          |       |       |       |     3 |     5 |       ||     8
Invok: Lesser Servant of |       |       |       |       |     1 |       ||     1
 Abil: Evoke Berserk Rag |       |       |       |     1 |       |       ||     1
Evoke: Wand              |       |     3 |     3 |    10 |       |       ||    16
       Rod               |       |       |       |     1 |     1 |       ||     2
  Use: Potion            |       |       |     2 |     1 |     2 |     3 ||     8
       Scroll            |       |       |    18 |     7 |     9 |     1 ||    35
 Stab: Distracted        |       |     1 |       |     2 |       |       ||     3
       Fleeing           |       |       |       |       |     2 |     1 ||     3
  Eat: Chunk             |     1 |     6 |    11 |    25 |    28 |     4 ||    75
       Royal jelly       |       |       |       |       |     2 |       ||     2
